| TOP OF THE 1ST |
|
University of Oklahoma Sooners batting - Pitching for Mississippi State University Bulldogs : RHP Ryan Masterson
|
|
Pitching: RHP Ryan Masterson
|
|
|
Batting: RHB Jim Hubbard
|
0-0: Ball 1-0: Ball 2-0: Ball 3-0: Called Strike 3-1: Called Strike 3-2: Base on Balls
|
|
Batting: LHB Adam Oldfield
|
0-0: Called Strike 0-1: Ball 1-1: Ball 2-1: Foul Ball, location: 2F 2-2: Foul Ball, location: 2F 2-2: Ball 3-2: Foul Ball, location: 2F 3-2: Hit by Pitch Jim Hubbard to second
|
|
Batting: RHB Chad Rojas
|
0-0: Called Strike 0-1: DOUBLE (Line Drive, 89D, EV 100.6 MPH) Jim Hubbard scores Adam Oldfield to third
|
|
Batting: RHB Dave Galloway
|
0-0: Ball 1-0: Ball 2-0: SINGLE (Line Drive, 56D, EV 96.3 MPH) Adam Oldfield scores Chad Rojas to third
|
|
Batting: LHB Joel Moore
|
0-0: Called Strike 0-1: Fielders Choice at 2nd, 5-4 (Groundball, 25, EV 84.4 MPH) Chad Rojas scores
|
|
Batting: SHB Chris Wright
|
0-0: Called Strike 0-1: Ball 1-1: Swinging Strike 1-2: Ball 2-2: Strikes out looking
|
|
Batting: RHB Manny Thompson
|
0-0: Called Strike 0-1: 2-RUN HOME RUN (Flyball, 7LD, EV 98.1 MPH), Distance : 348 ft
|
|
Batting: LHB Paul McClintock
|
0-0: Called Strike 0-1: Ground out 5-3 (Groundball, 5S, EV 86.3 MPH)
|
| Top of the 1st over - 5 runs, 3 hits, 0 errors, 0 left on base; University of Oklahoma 5 - Mississippi State University 0 |
| BOTTOM OF THE 1ST |
|
Mississippi State University Bulldogs batting - Pitching for University of Oklahoma Sooners : RHP Jason Mucci
|
|
Pitching: RHP Jason Mucci
|
|
|
Batting: RHB Jonathan Sandberg
|
0-0: Ground out U3 (Groundball, 3, EV 94.4 MPH)
|
|
Batting: LHB Donald Imre
|
0-0: Called Strike 0-1: SINGLE (Line Drive, 6MD, EV 95.0 MPH)
|
|
Batting: RHB Frank Pena
|
0-0: Fielders Choice at 2nd, 1-4 (Groundball, 15S, EV 71.9 MPH)
|
|
Batting: LHB Bill McGregor
|
0-0: Swinging Strike Pickoff Throw to First - Out! 1-3
|
| Bottom of the 1st over - 0 runs, 1 hit, 0 errors, 0 left on base; University of Oklahoma 5 - Mississippi State University 0 |
| TOP OF THE 2ND |
|
University of Oklahoma Sooners batting - Pitching for Mississippi State University Bulldogs : RHP Ryan Masterson
|
|
Batting: RHB Mike Pitts
|
0-0: Swinging Strike 0-1: Called Strike 0-2: Ball 1-2: Foul Ball, location: 2F 1-2: Fly out, F3 (Popup, 3S, EV 71.3 MPH)
|
|
Batting: RHB Jim Hubbard
|
0-0: Ball 1-0: Ball 2-0: Ball 3-0: Base on Balls
|
|
Batting: LHB Adam Oldfield
|
0-0: Ball 1-0: Ball 2-0: Foul Ball, location: 2F 2-1: Ball 3-1: Called Strike Passed Ball! Jim Hubbard to second 3-2: Base on Balls
|
|
Pitching: LHP Mitch Lewis
|
|
|
Batting: RHB Chad Rojas
|
0-0: Ball 1-0: Foul Ball, location: 2F 1-1: Ball 2-1: 3-RUN HOME RUN (Flyball, 78XD, EV 106.3 MPH), Distance : 413 ft
|
|
Batting: RHB Dave Galloway
|
0-0: Ball 1-0: Ball 2-0: Called Strike 2-1: Ball 3-1: Base on Balls
|
|
Batting: LHB Joel Moore
|
0-0: Ball 1-0: Swinging Strike 1-1: Foul Ball, location: 2F 1-2: Hit by Pitch Dave Galloway to second
|
|
Batting: SHB Chris Wright
|
0-0: Foul Ball, location: 2F 0-1: Ball 1-1: Grounds into double play, 5-4-3 (Groundball, 5D, EV 99.4 MPH)
|
| Top of the 2nd over - 3 runs, 1 hit, 0 errors, 1 left on base; University of Oklahoma 8 - Mississippi State University 0 |
| BOTTOM OF THE 2ND |
|
Mississippi State University Bulldogs batting - Pitching for University of Oklahoma Sooners : RHP Jason Mucci
|
|
Batting: LHB Bill McGregor
|
0-0: Foul Ball, location: 2F 0-1: Called Strike 0-2: Foul Ball, location: 2F 0-2: Ball 1-2: SINGLE (Groundball, 4MD, EV 105.6 MPH)
|
|
Batting: LHB Josh Pittman
|
0-0: Called Strike 0-1: Ball 1-1: Swinging Strike 1-2: Ball 2-2: Strikes out swinging
|
|
Batting: LHB Marco Donis
|
0-0: Called Strike 0-1: Ball 1-1: Ball 2-1: Called Strike Bill McGregor steals 2nd base 2-2: Foul Ball, location: 2F 2-2: Strikes out looking
|
|
Batting: RHB Wally Cangro
|
0-0: TRIPLE (Line Drive, 89XD, EV 107.5 MPH) Bill McGregor scores
|
|
Batting: RHB Hugo Torrez
|
0-0: Ball 1-0: Foul Ball, location: 5F, Error on foul ball, E5 1-1: Swinging Strike 1-2: Foul Ball, location: 2F 1-2: Foul Ball, location: 2F 1-2: Ball 2-2: Strikes out swinging
|
| Bottom of the 2nd over - 1 run, 2 hits, 1 error, 1 left on base; University of Oklahoma 8 - Mississippi State University 1 |
| TOP OF THE 3RD |
|
University of Oklahoma Sooners batting - Pitching for Mississippi State University Bulldogs : LHP Mitch Lewis
|
|
Batting: RHB Manny Thompson
|
0-0: Called Strike 0-1: Ball 1-1: Fly out, F3 (Line Drive, 4, EV 65.6 MPH)
|
|
Batting: LHB Paul McClintock
|
0-0: Foul Ball, location: 2F 0-1: Ball 1-1: Called Strike 1-2: Strikes out looking
|
|
Batting: RHB Mike Pitts
|
0-0: Called Strike 0-1: Ball 1-1: Swinging Strike 1-2: Strikes out swinging
|
| Top of the 3rd over - 0 runs, 0 hits, 0 errors, 0 left on base; University of Oklahoma 8 - Mississippi State University 1 |
| BOTTOM OF THE 3RD |
|
Mississippi State University Bulldogs batting - Pitching for University of Oklahoma Sooners : RHP Jason Mucci
|
|
Batting: RHB Michael Diez
|
0-0: Swinging Strike 0-1: Foul Ball, location: 2F 0-2: Reached on error, E3 (Groundball, 34, EV 83.1 MPH)
|
|
Batting: RHB Jonathan Sandberg
|
0-0: Fielders Choice at 2nd, 4-6 (Groundball, 4S, EV 90.6 MPH)
|
|
Batting: LHB Donald Imre
|
0-0: Called Strike 0-1: Called Strike 0-2: Ball Jonathan Sandberg steals 2nd base (no throw) 1-2: Fly out, F9 (Flyball, 9, EV 76.9 MPH)
|
|
Batting: RHB Frank Pena
|
0-0: Ground out 6-3 (Groundball, 6, EV 78.1 MPH)
|
| Bottom of the 3rd over - 0 runs, 0 hits, 1 error, 1 left on base; University of Oklahoma 8 - Mississippi State University 1 |
| TOP OF THE 4TH |
|
University of Oklahoma Sooners batting - Pitching for Mississippi State University Bulldogs : LHP Mitch Lewis
|
|
Batting: RHB Jim Hubbard
|
0-0: Swinging Strike 0-1: Ball 1-1: Called Strike 1-2: Fly out, F3 (Flyball, 3D, EV 79.4 MPH)
|
|
Batting: LHB Adam Oldfield
|
0-0: Called Strike 0-1: Ball 1-1: Ball 2-1: Called Strike 2-2: Ball 3-2: Foul Ball, location: 2F 3-2: Strikes out swinging
|
|
Batting: RHB Chad Rojas
|
0-0: Foul Ball, location: 2F 0-1: Foul Ball, location: 2F 0-2: Strikes out swinging
|
| Top of the 4th over - 0 runs, 0 hits, 0 errors, 0 left on base; University of Oklahoma 8 - Mississippi State University 1 |
| BOTTOM OF THE 4TH |
|
Mississippi State University Bulldogs batting - Pitching for University of Oklahoma Sooners : RHP Jason Mucci
|
|
Batting: LHB Bill McGregor
|
0-0: Called Strike 0-1: Ball 1-1: Called Strike 1-2: Ball 2-2: SINGLE (Line Drive, 3D, EV 96.3 MPH)
|
|
Batting: LHB Josh Pittman
|
0-0: Ball Bill McGregor steals 2nd base (no throw) 1-0: Called Strike 1-1: Fly out, F8 (Flyball, 8LD, EV 95.6 MPH)
|
|
Batting: LHB Marco Donis
|
0-0: Called Strike Bill McGregor steals 3rd base 0-1: Foul Ball, location: 2F 0-2: Strikes out looking
|
|
Batting: RHB Wally Cangro
|
0-0: Ball 1-0: Called Strike 1-1: Ball 2-1: Fly out, F8 (Flyball, 89M, EV 82.5 MPH)
|
| Bottom of the 4th over - 0 runs, 1 hit, 0 errors, 1 left on base; University of Oklahoma 8 - Mississippi State University 1 |
| TOP OF THE 5TH |
|
University of Oklahoma Sooners batting - Pitching for Mississippi State University Bulldogs : LHP Mitch Lewis
|
|
Batting: RHB Dave Galloway
|
0-0: Ball 1-0: Called Strike 1-1: Ball 2-1: Ground out 6-3 (Groundball, 56D, EV 105.0 MPH)
|
|
Batting: LHB Joel Moore
|
0-0: Swinging Strike 0-1: Foul Ball, location: 2F 0-2: Ball 1-2: Strikes out swinging
|
|
Batting: SHB Chris Wright
|
0-0: Foul Ball, location: 2F 0-1: Foul Ball, location: 2F 0-2: Ball 1-2: Ball 2-2: Ball 3-2: Fly out, F8 (Flyball, 8RXD, EV 90.0 MPH)
|
| Top of the 5th over - 0 runs, 0 hits, 0 errors, 0 left on base; University of Oklahoma 8 - Mississippi State University 1 |
| BOTTOM OF THE 5TH |
|
Mississippi State University Bulldogs batting - Pitching for University of Oklahoma Sooners : RHP Jason Mucci
|
|
Batting: RHB Hugo Torrez
|
0-0: Called Strike 0-1: Swinging Strike 0-2: Ball 1-2: Strikes out swinging
|
|
Batting: RHB Michael Diez
|
0-0: Ball 1-0: Ball 2-0: Swinging Strike 2-1: Swinging Strike 2-2: Foul Ball, location: 2F 2-2: Strikes out swinging
|
|
Batting: RHB Jonathan Sandberg
|
0-0: Ball 1-0: Ball 2-0: Ball 3-0: Base on Balls
|
|
Batting: LHB Donald Imre
|
0-0: Ball 1-0: Called Strike Jonathan Sandberg steals 2nd base (no throw) 1-1: Foul Ball, location: 2F 1-2: Foul Ball, location: 2F 1-2: Ground out 5-3 (Groundball, 56, EV 108.1 MPH)
|
| Bottom of the 5th over - 0 runs, 0 hits, 0 errors, 1 left on base; University of Oklahoma 8 - Mississippi State University 1 |
| TOP OF THE 6TH |
|
University of Oklahoma Sooners batting - Pitching for Mississippi State University Bulldogs : LHP Mitch Lewis
|
|
Pitching: RHP Brad DiGiuseppe
|
|
|
Batting: RHB Manny Thompson
|
0-0: Called Strike 0-1: Ball 1-1: Ground out 6-3 (Groundball, 6, EV 108.1 MPH)
|
|
Batting: LHB Paul McClintock
|
0-0: SINGLE (Flyball, 4MD, EV 87.5 MPH) - OUT at second base trying to stretch hit.
|
|
Batting: RHB Mike Pitts
|
0-0: Called Strike 0-1: SOLO HOME RUN (Flyball, 7LD, EV 92.5 MPH), Distance : 339 ft
|
|
Batting: RHB Jim Hubbard
|
0-0: Ball 1-0: Called Strike 1-1: Ball 2-1: Foul Ball, location: 2F 2-2: SINGLE (Groundball, 56D, EV 106.3 MPH)
|
|
Batting: LHB Adam Oldfield
|
0-0: Foul Ball, location: 2F 0-1: Ball 1-1: Foul Ball, location: 2F 1-2: Ball 2-2: Strikes out swinging
|
| Top of the 6th over - 1 run, 3 hits, 0 errors, 1 left on base; University of Oklahoma 9 - Mississippi State University 1 |
| BOTTOM OF THE 6TH |
|
Mississippi State University Bulldogs batting - Pitching for University of Oklahoma Sooners : RHP Jason Mucci
|
|
Batting: RHB Frank Pena
|
0-0: Ball 1-0: Ball 2-0: Fly out, F8 (Flyball, 8LXD, EV 98.1 MPH)
|
|
Pitching: RHP Nikita Eliseenko
|
|
|
Batting: LHB Bill McGregor
|
0-0: Foul Ball, location: 2F 0-1: Called Strike 0-2: Ball 1-2: Fly out, F7 (Flyball, 7, EV 90.0 MPH)
|
|
Batting: LHB Josh Pittman
|
0-0: Ball 1-0: SINGLE (Line Drive, 5D, EV 103.1 MPH)
|
|
Batting: LHB Marco Donis
|
0-0: Ball 1-0: Foul Ball, location: 2F 1-1: Ball 2-1: Swinging Strike 2-2: Ball 3-2: Foul Ball, location: 2F 3-2: Foul Ball, location: 2F 3-2: Strikes out swinging
|
| Bottom of the 6th over - 0 runs, 1 hit, 0 errors, 1 left on base; University of Oklahoma 9 - Mississippi State University 1 |
| TOP OF THE 7TH |
|
University of Oklahoma Sooners batting - Pitching for Mississippi State University Bulldogs : RHP Brad DiGiuseppe
|
|
Pinch Hitting: RHB Tim Carter
|
0-0: Ball 1-0: Ground out 2-3 (Groundball, 2L, EV 71.3 MPH)
|
|
Pinch Hitting: RHB Brandon Williams
|
0-0: Swinging Strike 0-1: Ground out 6-3 (Groundball, 6, EV 83.1 MPH)
|
|
Batting: LHB Joel Moore
|
0-0: Foul Ball, location: 2F 0-1: Called Strike 0-2: Ground out 6-3 (Groundball, 6, EV 89.4 MPH)
|
| Top of the 7th over - 0 runs, 0 hits, 0 errors, 0 left on base; University of Oklahoma 9 - Mississippi State University 1 |
| BOTTOM OF THE 7TH |
|
Mississippi State University Bulldogs batting - Pitching for University of Oklahoma Sooners : RHP Nikita Eliseenko
|
|
Now at 1B: Jordan Barragan
|
|
|
Now in CF: Tim Carter
|
|
|
Pinch Hitting: RHB Billy Fahl
|
0-0: Ball 1-0: Foul Ball, location: 2F 1-1: Called Strike 1-2: Strikes out swinging
|
|
Pinch Hitting: LHB Mark Backstrom
|
0-0: Ball 1-0: SINGLE (Groundball, 34D, EV 106.3 MPH)
|
|
Pinch Hitting: LHB Vince McLane
|
0-0: Fielders Choice at 2nd, 6-4 (Groundball, 6, EV 89.4 MPH)
|
|
Pinch Hitting: RHB Dustin Pryor
|
0-0: Called Strike 0-1: Ball 1-1: Foul Ball, location: 2F 1-2: Foul Ball, location: 2F 1-2: Foul Ball, location: 2F 1-2: Fly out, F6 (Line Drive, 6, EV 71.3 MPH)
|
| Bottom of the 7th over - 0 runs, 1 hit, 0 errors, 1 left on base; University of Oklahoma 9 - Mississippi State University 1 |
| TOP OF THE 8TH |
|
University of Oklahoma Sooners batting - Pitching for Mississippi State University Bulldogs : RHP Brad DiGiuseppe
|
|
Now at 1B: Ricky Amaya
|
|
|
Now at 2B: Dustin Pryor
|
|
|
Now at 3B: Oscar Bravo
|
|
|
Now in LF: Billy Fahl
|
|
|
Batting: SHB Chris Wright
|
0-0: Called Strike 0-1: Hit by Pitch
|
|
Batting: RHB Manny Thompson
|
0-0: Called Strike 0-1: Called Strike 0-2: Foul Ball, location: 2F 0-2: Ball 1-2: Fly out, F4 (Popup, 3DF, EV 44.4 MPH)
|
|
Batting: LHB Paul McClintock
|
0-0: Swinging Strike 0-1: Foul Ball, location: 2F 0-2: Ball 1-2: Ball 2-2: SINGLE (Line Drive, 7LS, EV 101.9 MPH) Chris Wright to second
|
|
Pinch Hitting: LHB Ryan Daniels
|
0-0: Called Strike 0-1: Swinging Strike 0-2: Foul Ball, location: 2F 0-2: Ball 1-2: Ball 2-2: Ball 3-2: Fly out, F9 (Flyball, 9S, EV 80.0 MPH)
|
|
Pinch Hitting: RHB Chris Jones
|
0-0: Foul Ball, location: 2F 0-1: Foul Ball, location: 2F 0-2: Foul Ball, location: 2F 0-2: Ball 1-2: Ground out 5-3 (Groundball, 56S, EV 85.0 MPH)
|
| Top of the 8th over - 0 runs, 1 hit, 0 errors, 2 left on base; University of Oklahoma 9 - Mississippi State University 1 |
| BOTTOM OF THE 8TH |
|
Mississippi State University Bulldogs batting - Pitching for University of Oklahoma Sooners : RHP Nikita Eliseenko
|
|
Now at 3B: Nick Deegan
|
|
|
Now in RF: Ryan Daniels
|
|
|
Pinch Hitting: SHB Angel Ramos
|
0-0: Swinging Strike 0-1: Ball 1-1: Ground out U3 (Groundball, 3, EV 107.5 MPH)
|
|
Pinch Hitting: LHB Bryce Hill
|
0-0: Called Strike 0-1: Ball 1-1: Swinging Strike 1-2: Ball 2-2: Reached on error, E7 (Flyball, 7, EV 88.1 MPH)
|
|
Pinch Hitting: LHB Yasutoshi Hayashi
|
0-0: Ball 1-0: Swinging Strike 1-1: Called Strike 1-2: Strikes out swinging
|
|
Batting: LHB Josh Pittman
|
0-0: Called Strike 0-1: Foul Ball, location: 2F 0-2: Foul Ball, location: 2F 0-2: Strikes out looking
|
| Bottom of the 8th over - 0 runs, 0 hits, 1 error, 1 left on base; University of Oklahoma 9 - Mississippi State University 1 |
| TOP OF THE 9TH |
|
University of Oklahoma Sooners batting - Pitching for Mississippi State University Bulldogs : RHP Brad DiGiuseppe
|
|
Now at SS: Angel Ramos
|
|
|
Now in CF: Yasutoshi Hayashi
|
|
|
Now in RF: Bryce Hill
|
|
|
Batting: LHB Adam Oldfield
|
0-0: Foul Ball, location: 2F 0-1: Ball 1-1: Ball 2-1: Foul Ball, location: 2F 2-2: Foul Ball, location: 2F 2-2: Foul Ball, location: 2F 2-2: Ball 3-2: Ground out U3 (Groundball, 3, EV 83.1 MPH)
|
|
Batting: RHB Tim Carter
|
0-0: Ball 1-0: Ball 2-0: Reached on error, E5 (Groundball, 56, EV 86.9 MPH)
|
|
Pitching: LHP Matt Boehm
|
|
|
Batting: SHB Jordan Barragan
|
0-0: Called Strike 0-1: Called Strike 0-2: Ball 1-2: Fly out, F8 (Flyball, 8RS, EV 91.9 MPH)
|
|
Batting: LHB Joel Moore
|
0-0: Ball 1-0: Fly out, F7 (Flyball, 78S, EV 94.4 MPH)
|
| Top of the 9th over - 0 runs, 0 hits, 1 error, 1 left on base; University of Oklahoma 9 - Mississippi State University 1 |
| BOTTOM OF THE 9TH |
|
Mississippi State University Bulldogs batting - Pitching for University of Oklahoma Sooners : RHP Nikita Eliseenko
|
|
Pinch Hitting: SHB Chris Woolrich
|
0-0: Called Strike 0-1: Foul Ball, location: 2F 0-2: Ball 1-2: Strikes out looking
|
|
Pinch Hitting: SHB Ben Ervin
|
0-0: Ball 1-0: Foul Ball, location: 2F 1-1: Ground out 4-3 (Groundball, 4, EV 78.8 MPH)
|
|
Pinch Hitting: LHB Ralph Braine
|
0-0: Called Strike 0-1: Ball 1-1: Ball 2-1: SINGLE (Line Drive, 6D, EV 101.3 MPH)
|
|
Pinch Hitting: RHB Jason Krizek
|
0-0: Ball 1-0: Foul Ball, location: 2F 1-1: Swinging Strike 1-2: Ground out 5-3 (Groundball, 56S, EV 86.9 MPH)
|
| Bottom of the 9th over - 0 runs, 1 hit, 0 errors, 1 left on base; University of Oklahoma 9 - Mississippi State University 1 |
|